 Dungeon Crawl Stone Soup version 0.31-a0-165-g3f4f80340b (webtiles) character file.

Game seed: 924692634410952994

192 qw the Shooter (level 5, -7/33 HPs)
             Began as a Gargoyle Hunter on June 13, 2023.
             Mangled by an ogre
             ... wielding a +0 giant club
              (19 damage)
             ... on level 4 of the Dungeon.
             The game lasted 00:01:04 (2471 turns).

qw the Shooter (Gargoyle Hunter)                    Turns: 2471, Time: 00:01:05

Health: -7/33      AC:  9    Str: 14    XL:     5   Next: 71%
Magic:  5/5        EV: 11    Int: 10    God:
Gold:   37         SH:  0    Dex: 18    Spells: 4/4 levels left

rFire   . . .        Y - +0 shortbow
rCold   . . .        (shield currently unavailable)
rNeg    + . .        g - +0 ring mail
rPois   inf          (no helmet)
rElec   +            a - scarf "Heeshud" {repulsion, Dex+3 Stlth+}
rCorr   .            (no gloves)
SInv    .            (no boots)
Will    .....        (no amulet)
Stlth   ++           (no ring)
HPRegen 0.25/turn    (no ring)
MPRegen 0.09/turn

%: repel missiles
@: no status effects
A: sickness immunity, AC +4, negative energy resistance 1, electricity
resistance, torment resistance 1, petrification resistance
a: no special abilities


You were on level 4 of the Dungeon.
You visited 1 branch of the dungeon, and saw 4 of its levels.

You collected 133 gold pieces.
You spent 96 gold pieces at shops.


Innate Abilities, Weirdness & Mutations

You are immune to sickness and miasma.
Your stone body is resilient. (AC +4)
You are immune to poison.
You resist negative energy. (rN+)
You are resistant to electric shocks. (rElec)
You are resistant to unholy torment.
You are immune to petrification.


   Skills:
 + Level 3.6 Fighting
 - Level 6.0 Ranged Weapons
 - Level 1.3 Armour
 - Level 1.5 Dodging
 - Level 1.1 Stealth


You had 4 spell levels left.
You didn't know any spells.
Your spell library was empty.

Inventory:

Hand Weapons
 Y - a +0 shortbow (weapon)
Armour
 a - the scarf "Heeshud" (worn) {repulsion, Dex+3 Stlth+}
   (You acquired it on level 1 of the Dungeon)

   Dex:       It affects your dexterity (+3).
   Stlth:     It makes you more stealthy.
 b - a +0 helmet
 g - a +0 ring mail (worn)
Scrolls
 e - 2 scrolls of identify
 j - a scroll of enchant weapon {unknown}
Potions
 c - a potion of heal wounds
 d - a potion of magic
 f - a potion of curing
 h - a potion of might {unknown}
 i - 2 potions of attraction

Dungeon Overview and Level Annotations

Branches:
Dungeon (4/15)
 Temple: D:4-7

Altars:
Cheibriados

Shops:
D:1 =   D:4 *

Annotations:
D:4 3 runed translucent doors, qw's ghost, amateur NaHu


Message History

An adder comes into view.
Enter note: You shoot an arrow.
The arrow hits the adder!
The adder is severely wounded.
You shoot an arrow.
The arrow hits the adder but does no damage.
The adder is severely wounded.
An ogre comes into view. It is wielding a +0 giant club.
You shoot an arrow. The arrow closely misses the adder.
The ogre shouts!
The adder closely misses you.
You shoot an arrow.
The arrow hits the adder but does no damage.
The adder is severely wounded.
The adder bites you.
You shoot an arrow. The arrow misses the adder.
The adder closely misses you. x2
You shoot an arrow. The arrow hits the adder.
The adder is almost dead.
The adder barely misses you.
You shoot an arrow. The arrow hits the adder.
You kill the adder!
The ogre misses you.
You shoot an arrow. The arrow hits the ogre.
The ogre is lightly wounded.
The ogre hits you with a +0 giant club!
You shoot an arrow. The arrow closely misses the ogre.
You shoot an arrow.
The arrow hits the ogre but does no damage.
The ogre is lightly wounded.
The ogre hits you with a +0 giant club!
2470 ||| DRINKING 2 potions of heal wounds.
You feel much better.
The ogre hits you with a +0 giant club!!
Ouch! That really hurt!
You shoot an arrow. The arrow hits the ogre.
The ogre is moderately wounded.
The ogre hits you with a +0 giant club!!
Ouch! That really hurt!
You die...

### ..# #..#... ..
###...#.#
....#..#....#
.....#...#...## #####
#...#.#.......# #~.~#
.#.#...#......####._.#
..........O@)...#...#
####..#.##.#.#####~.~#
.................#~.~#
.######.###.######~.~#
#.# #..# #...# #.#
##.# ##...## #.# #.#
#.....# #.# #.#
###..## #.# #.# ##.##


You could see an ogre.

Vanquished Creatures
  Terence (D:2)
  An orc wizard (D:3)
  Robin (D:4)
  4 adders
  An ufetubus (D:4)
  3 worms
  3 orcs (D:3)
  10 endoplasms
  2 giant cockroaches
  15 goblins
  6 hobgoblins
  5 jackals
  4 kobolds
  A quokka (D:2)
  4 ball pythons
  4 bats
  3 frilled lizards
  4 rats
72 creatures vanquished.

Notes
Turn   | Place    | Note
-------+----------+-------------------------------------------
     0 | D:1      | qw the Gargoyle Hunter began the quest for the Orb.
     0 | D:1      | Reached XP level 1. HP: 12/12 MP: 1/1
     0 | D:1      | 0 ||| qw: Version: 0.2-a-29-gc1b59c4
     0 | D:1      | 0 ||| qw: Game counter: 4632
     0 | D:1      | 0 ||| qw: Always use a shield: true
     0 | D:1      | 0 ||| qw: God list: Okawaru
     0 | D:1      | 0 ||| qw: Allow faded altars: false
     0 | D:1      | 0 ||| qw: Do Orc after D:15 true
     0 | D:1      | 0 ||| qw: Do second Lair branch before Depths: true
     0 | D:1      | 0 ||| qw: Lair rune preference: random
     0 | D:1      | 0 ||| qw: Plans: Normal, Zot:1-4, Slime:5, God:TSO, Crypt,
                  | Tomb, Abyss, Pan, Hells, Win
     0 | D:1      | 0 ||| PLANNING D:1-11
   246 | D:1      | Reached XP level 2. HP: 17/17 MP: 2/2
   312 | D:1      | Found Wesotuxt's Jewellery Emporium.
   326 | D:1      | 326 ||| SHOPLISTING +4 ring of slaying (780 gold, have 15).
   326 | D:1      | 326 ||| SHOPLISTING amulet of reflection (300 gold, have
                  | 15).
   326 | D:1      | 326 ||| SHOPLISTING amulet of regeneration (300 gold, have
                  | 15).
   326 | D:1      | 326 ||| SHOPLISTING ring of positive energy (200 gold, have
                  | 15).
   656 | D:1      | 656 ||| UPGRADING to +0 ring mail.
   666 | D:1      | 666 ||| DROPPING +0 leather armour.
   667 | D:1      | 667 ||| READING scroll labelled BATUATU LEMYTZ.
   671 | D:1      | 671 ||| READING 6 scrolls labelled BIEBOBUNIKK.
   672 | D:1      | 672 ||| READING scroll labelled EJAG SUKKI.
   672 | D:1      | Identified a scroll of acquirement
   672 | D:1      | 672 ||| ACQUIRING scarf "Heeshud" {repulsion, Dex+3 Stlth+}
   672 | D:1      | Acquired the scarf "Heeshud" {repulsion, Dex+3 Stlth+}
   674 | D:1      | 674 ||| UPGRADING to scarf "Heeshud" {repulsion, Dex+3
                  | Stlth+}.
   679 | D:1      | 679 ||| READING scroll labelled MUMPUB NOMU JASUS.
   680 | D:1      | 680 ||| READING scroll labelled MEXICUH LARIFI.
   781 | D:1      | 781 ||| READING 5 scrolls of identify.
   781 | D:1      | 781 ||| IDENTIFYING yellow potion
   782 | D:1      | 782 ||| DROPPING scroll of butterflies.
   796 | D:2      | Found a faded altar of an unknown god.
   801 | D:2      | Identified the +5 quarterstaff of Magnificence {heavy,
                  | rElec rF- rN+ SInv}
   829 | D:2      | Reached skill level 1 in Armour
   829 | D:2      | Reached XP level 3. HP: 21/21 MP: 3/3
   853 | D:2      | Noticed Terence
   872 | D:2      | HP: 5/21 [Terence/+0 hand axe (1)]
   877 | D:2      | HP: 3/21 [Terence/+0 hand axe (1)]
   879 | D:2      | Killed Terence
   880 | D:2      | Reached skill level 5 in Ranged Weapons
   880 | D:2      | Reached XP level 4. HP: 5/26 MP: 4/4
  1560 | D:2      | 1560 ||| READING 2 scrolls labelled GYSAXI YVARIMP.
  1561 | D:2      | 1561 ||| READING scroll labelled DUUMO SYAVOPS.
  1562 | D:2      | 1562 ||| DRINKING 2 orange potions.
  1563 | D:2      | 1563 ||| READING 4 scrolls of identify.
  1563 | D:2      | 1563 ||| IDENTIFYING blue potion
  1564 | D:2      | 1564 ||| READING 3 scrolls of identify.
  1564 | D:2      | 1564 ||| IDENTIFYING pink potion
  1565 | D:2      | 1565 ||| DROPPING scroll of poison.
  1566 | D:2      | 1566 ||| DROPPING potion of brilliance.
  1774 | D:3      | Reached skill level 3 in Fighting
  1901 | D:3      | 1901 ||| DRINKING 2 potions of curing.
  1901 | D:3      | 1901 ||| (to cure confusion)
  1911 | D:3      | Reached XP level 5. HP: 32/32 MP: 5/5
  2258 | D:3      | 2258 ||| READING scroll labelled YPREER CEOGENT.
  2259 | D:3      | 2259 ||| READING scroll labelled PIYNEKKELOE.
  2260 | D:3      | 2260 ||| READING 2 scrolls of identify.
  2260 | D:3      | 2260 ||| IDENTIFYING fuming puce potion
  2295 | D:4      | Found Mevud's General Store.
  2313 | D:4      | Noticed Robin
  2320 | D:4      | Reached skill level 6 in Ranged Weapons
  2323 | D:4      | Killed Robin
  2358 | D:4      | 2358 ||| SHOPLISTING +1 leather armour of Truth {rF+ rC+}
                  | (336 gold, have 112).
  2358 | D:4      | 2358 ||| BUYING potion of attraction (36 gold).
  2358 | D:4      | Bought a potion of attraction for 36 gold pieces
  2358 | D:4      | 2358 ||| SHOPLISTING potion of haste (120 gold, have 76).
  2358 | D:4      | 2358 ||| BUYING potion of heal wounds (60 gold).
  2358 | D:4      | Bought a potion of heal wounds for 60 gold pieces
  2358 | D:4      | 2358 ||| SHOPLISTING potion of heal wounds (60 gold, have
                  | 16).
  2358 | D:4      | 2358 ||| SHOPLISTING ring of fire (300 gold, have 16).
  2404 | D:4      | Found a snail-covered altar of Cheibriados.
  2423 | D:4      | Noticed qw's ghost (amateur NaHu)
  2424 | D:4      | Found a runed translucent gate.
  2425 | D:4      | Found a runed translucent gate.
  2426 | D:4      | Found a runed translucent gate.
  2461 | D:4      | Noticed an ogre
  2469 | D:4      | HP: 7/33 [ogre/+0 giant club (10)]
  2470 | D:4      | 2470 ||| DRINKING 2 potions of heal wounds.
  2471 | D:4      | Mangled by an ogre

Levels and vault maps discovered:
D:1:      dpeg_arrival_simpleton_b, layout_loops_cross, serial_shops, shop
D:2:      layout_loops_cross, nicolae_ecumenical_pavilion, uniq_terence
D:3:      layout_loops_ring, nicolae_eternal_life
D:4:      layout_loops_ring, pf_just_have_faith,
          minmay_temple_entry_glassed_door, serial_shops, shop,
          nicolae_shop_tiny_glass, nicolae_shop_back_alley_shop, shop,
          nicolae_diamond_shop, biasface_ghost_orc_armoury,
          mrwooster_statue_mirror, minmay_splitting_lines, uniq_edmund,
          uniq_robin

Skill      XL: |  1  2  3  4  5 |
---------------+----------------+-----
Armour         | 1 |  1.3
Ranged Weapons | 5 6 |  6.0
Fighting       | 3 |  3.6
Dodging        | |  1.5
Stealth        | |  1.1

Action                     |  1- 3 |  4- 6 || total
---------------------------+-------+-------++-------
   Fire: Shortbow          |    93 |   182 ||   275
    Use: Scroll            |     6 |     7 ||    13
         Potion            |       |     3 ||     3
 Armour: Leather armour    |     8 |       ||     8
         Ring mail         |    13 |    61 ||    74
  Dodge: Dodged            |    35 |    84 ||   119
         Repelled          |       |     1 ||     1

Table legend:
 A = Non-vault XP
 B = Vault XP
 C = Vault XP percentage of total XP
 D = Non-vault monster count
 E = Vault monster count
 F = Vault count percentage of total count
                 A         B        C        D         E       F
            +---------+---------+-------+---------+---------+-------
      Total |     202 |      73 |  26.5 |      60 |      12 |  16.7
            +---------+---------+-------+---------+---------+-------
        D:1 |      28 |       0 |   0.0 |      18 |       0 |   0.0
        D:2 |      50 |      38 |  43.2 |      18 |       1 |   5.3
        D:3 |      78 |       0 |   0.0 |      16 |       0 |   0.0
        D:4 |      46 |      35 |  43.2 |       8 |      11 |  57.9
            +---------+---------+-------+---------+---------+-------
